AoeStats
← LM | TornardoBriese

Arabia

510391776Analyzed
1v1 RM · 8h ago on Sep 30, 2026· 45m 54s· 2 players
Game mode
Random Map
Map size
Tiny (2 player)
Population
200
Speed
Normal
Resources
Standard
Victory
Conquest
Starting age
Dark Age
Ending age
Imperial Age
RankedLock teamsTeams togetherTeam positionsShared explorationLock speedFull tech treeHidden civsTurbo modeCheats
Victory
Defeat
🇨🇭 Magyars · Switzerland
1180
+15
🇮🇳 Vikings · India
1165
-15
Ashandarei
6:35 Loom
9:49 Feudal Age
10:39 Double-Bit Axe
10:22 Man-at-Arms
15:30 Fletching
22:43 Castle Age
21:35 Horse Collar
21:46 Gold Mining
22:03 Scale Barding Armor
22:46 Forging
23:38 Crossbowman
26:36 Chain Barding Armor
29:07 Iron Casting
30:59 Bodkin Arrow
39:40 Imperial Age
41:46 Blast Furnace
40:50 Arbalester
41:32 Bracer
42:27 Gold Shaft Mining
42:02 Stone Mining
43:04 Padded Archer Armor
43:26 Elite Skirmisher
45:02 Leather Archer Armor
46:52 Ring Archer Armor
LM | TornardoBriese
6:38 Loom
9:28 Feudal Age
9:40 Man-at-Arms
12:06 Double-Bit Axe
19:44 Wheelbarrow
22:17 Castle Age
20:43 Horse Collar
21:17 Scale Barding Armor
21:09 Gold Mining
22:01 Bloodlines
22:16 Fletching
23:35 Chain Barding Armor
24:11 Bow Saw
24:09 Elite Skirmisher
33:06 Heavy Plow
33:23 Bodkin Arrow
34:55 Arson
35:45 Thumb Ring
35:42 Husbandry
41:36 Imperial Age
39:23 Hand Cart
41:43 Padded Archer Armor
41:41 Heavy Cavalry Archer
42:47 Parthian Tactics
42:52 Ballistics
42:37 Bracer
43:20 Light Cavalry
45:32 Chemistry
44:50 Leather Archer Armor
44:37 Hussar
45:47 Conscription
45:32 Treadmill Crane
Connection lost

Rejoining the realm…

Still unreachable

The connection could not be restored.

Session expired

The server has moved on; the page needs a fresh start.